[Event "*** Titled Tuesday Blitz"]
[Site "Chess.com"]
[Date "2020.05.12"]
[Round "1"]
[White "HarryCun"]
[Black "Papa12341234"]
[Result "0-1"]
[WhiteElo "2175"]
[BlackElo "2527"]
[TimeControl "180+1"]
[EndTime "10:01:23 PDT"]
[Termination "Papa12341234 won by resignation"]

1. Nf3 Nf6 2. g3 g6 3. Bg2 Bg7 4. O-O O-O 5. d3 d5 6. Nbd2 Nc6 7. e4 e5 8. Re1 dxe4 9. dxe4 h6 10. h3 Be6 11. g4 Qd7 12. b3 h5 13. Ng5 hxg4 14. Nxe6 Qxe6 15. h4 Nh5 16. Bb2 Bf6 17. Nc4 Bxh4 18.
Qd5 Qf6 19. Re2 Nf4 20. Rd2 Nxd5 0-1

[Event "*** Titled Tuesday Blitz"]
[Site "Chess.com"]
[Date "2020.05.12"]
[Round "1"]
[White "chessplayer9919"]
[Black "mariangie523"]
[Result "1-0"]
[WhiteElo "2493"]
[BlackElo "2053"]
[TimeControl "180+1"]
[EndTime "10:01:36 PDT"]
[Termination "chessplayer9919 won by resignation"]

1. d4 Nf6 2. c4 c5 3. d5 b5 4. cxb5 a6 5. b6 d6 6. Nc3 g6 7. e4 Bg7 8. Nf3 O-O 9. Bd3 Qxb6 10. O-O Nbd7 11. Nd2 Ng4 12. Qxg4 Ne5 13. Qe2 a5 14.
Nc4 1-0

[Event "*** Titled Tuesday Blitz"]
[Site "Chess.com"]
[Date "2020.05.12"]
[Round "1"]
[White "WildBizon"]
[Black "DanielTitichoca"]
[Result "1-0"]
[WhiteElo "2675"]
[BlackElo "2346"]
[TimeControl "180+1"]
[EndTime "10:01:48 PDT"]
[Termination "WildBizon won by resignation"]

1. e4 c5 2. Nf3 d6 3. d4 cxd4 4. Nxd4 Nf6 5. Nc3 a6 6. h3 e6 7. g4 h6 8. Bg2 g5 9. Be3 Nfd7 10. Qe2 Ne5 11. O-O-O Nbd7 12. h4 gxh4 13. f4 Ng6 14. f5 e5 15. fxg6 exd4 16. gxf7+ Kxf7 17. Bxd4 Rg8 18. Qc4+ 1-0

[Event "*** Titled Tuesday Blitz"]
[Site "Chess.com"]
[Date "2020.05.12"]
[Round "1"]
[White "BogdanBelyakov89"]
[Black "warmoatmeal"]
[Result "1-0"]
[WhiteElo "2552"]
[BlackElo "2213"]
[TimeControl "180+1"]
[EndTime "10:01:52 PDT"]
[Termination "BogdanBelyakov89 won by resignation"]

1. e4 c6 2. d4 d5 3. exd5 cxd5 4. c4 Nf6 5. Nc3 e6 6. Nf3 Be7 7. cxd5 Nxd5 8. Bd3 Nc6 9. O-O a6 10. Qe2 b5 11.
Nxd5 Qxd5 12. Be4 Qd6 13. Bf4 Qd7 14. Rac1 Bb7 15. Rxc6 Bxc6 16. Ne5 1-0

[Event "*** Titled Tuesday Blitz"]
[Site "Chess.com"]
[Date "2020.05.12"]
[Round "1"]
[White "Mili_Brizzi"]
[Black "Andreikka"]
[Result "0-1"]
[WhiteElo "2456"]
[BlackElo "2935"]
[TimeControl "180+1"]
[EndTime "10:02:32 PDT"]
[Termination "Andreikka won by resignation"]

1. e4 c6 2. d4 d5 3. e5 Bf5 4.
h4 h5 5. Bd3 Bxd3 6. Qxd3 Qa5+ 7. c3 e6 8. Bg5 Ne7 9. Nd2 Qa6 10.
Qf3 Nf5 11. Ne2 c5 12. O-O Nc6 13. Rfe1 cxd4 14. cxd4 Bb4 15. Rad1 Ncxd4 16. Nxd4 Nxd4 17. Qf4 Ne2+ 0-1

[Event "*** Titled Tuesday Blitz"]
[Site "Chess.com"]
[Date "2020.05.12"]
[Round "1"]
[White "Borsuk_Konstantin"]
[Black "ChessBitl"]
[Result "1-0"]
[WhiteElo "2650"]
[BlackElo "2327"]
[TimeControl "180+1"]
[EndTime "10:02:44 PDT"]
[Termination "Borsuk_Konstantin won by resignation"]

1. d4 Nf6 2. c4 g6 3. Nc3 Bg7 4. e4 d6 5. f3 O-O 6. Be3 Nc6 7. Nge2 a6 8. Qd2 Rb8 9. Nc1 e5 10. d5 Nd4 11. N1e2 Nxe2 12. Bxe2 c5 13. dxc6 bxc6 14. O-O Be6 15. Rfd1 Qa5 16. b3 Rfd8 17. Rac1 d5 18. Nxd5 cxd5 19. Qxa5 1-0

[Event "*** Titled Tuesday Blitz"]
[Site "Chess.com"]
[Date "2020.05.12"]
[Round "1"]
[White "StoreySniper"]
[Black "vovachesss"]
[Result "0-1"]
[WhiteElo "2315"]
[BlackElo "2636"]
[TimeControl "180+1"]
[EndTime "10:02:44 PDT"]
[Termination "vovachesss won by resignation"]

1. e4 e5 2. Nf3 d5 3. Nxe5 Bd6 4.
d4 dxe4 5. Nc4 Nf6 6. Nxd6+ Qxd6 7. Be3 O-O 8. Bc4 Rd8 9. c3 c5 10. Qb3 cxd4 11. Bxf7+ Kh8 12. Bxd4 Nc6 13. Bxf6 Qxf6 14. O-O Bg4 15. Na3 Ne5 16. Bd5 Nf3+ 17. Kh1 Qh4 0-1

[Event "*** Titled Tuesday Blitz"]
[Site "Chess.com"]
[Date "2020.05.12"]
[Round "1"]
[White "AryanTari"]
[Black "HemantSharma"]
[Result "1-0"]
[WhiteElo "2928"]
[BlackElo "2455"]
[TimeControl "180+1"]
[EndTime "10:02:49 PDT"]
[Termination "AryanTari won by resignation"]

1. d4 d5 2. Bf4 Nf6 3. Nf3 c5 4. e3 e6 5. Nbd2 Nc6 6. c3 Bd6 7. Bg3 O-O 8. Bb5 Ne7 9. Bd3 Qc7 10. Bxd6 Qxd6 11. Ne5 Ng6 12. f4 b6 13. O-O Bb7 14. Qf3 Nd7 15. Rae1 Rae8 16. Qg3 Nf6 17. Bb5 Re7 18. f5 exf5 19. Nxg6 1-0

[Event "*** Titled Tuesday Blitz"]
[Site "Chess.com"]
[Date "2020.05.12"]
[Round "1"]
[White "Quaternitychess"]
[Black "zmarian"]
[Result "1-0"]
[WhiteElo "2518"]
[BlackElo "2148"]
[TimeControl "180+1"]
[EndTime "10:03:02 PDT"]
[Termination "Quaternitychess won by resignation"]

1. e4 g6 2. Nc3 Bg7 3. h4 h5 4. d4 c5 5. dxc5 Qa5 6. Nf3 Qxc5 7. Nd5 d6 8. c3 a6 9. Be3 Qa5 10. Bb6 Nc6 11. Bxa5 Nxa5 12. Nc7+ Kf8 13. Nxa8 Nc6 14.
Nb6 Bg4 15. Be2 Nf6 16. Ng5 Bxe2 17. Qxe2 Kg8 18. O-O-O Bh6 19. f4 Kg7 20. Kb1 Ng4 21. Nd5 e6 22. Ne3 1-0

[Event "*** Titled Tuesday Blitz"]
[Site "Chess.com"]
[Date "2020.05.12"]
[Round "1"]
[White "MishkaFighter"]
[Black "TheoSlade"]
[Result "0-1"]
[WhiteElo "2571"]
[BlackElo "2283"]
[TimeControl "180+1"]
[EndTime "10:03:06 PDT"]
[Termination "TheoSlade won by checkmate"]

1. Nf3 d5 2. b3 Nf6 3. Bb2 e6 4.
e3 c5 5. c4 Nc6 6. cxd5 exd5 7. Bb5 Bd6 8. O-O O-O 9. d4 cxd4 10. Nxd4 Bd7 11. Nc3 Re8 12. Rc1 Rc8 13. Nxc6 bxc6 14. Ba6 Rb8 15. Na4 Bxh2+ 16. Kxh2 Ng4+ 17. Kg3 Qg5 18. Qd4 Nxe3+ 19. Kh2 Qxg2# 0-1

[Event "*** Titled Tuesday Blitz"]
[Site "Chess.com"]
[Date "2020.05.12"]
[Round "1"]
[White "Gordima"]
[Black "S_Kalvaitis"]
[Result "1-0"]
[WhiteElo "2763"]
[BlackElo "2400"]
[TimeControl "180+1"]
[EndTime "10:03:17 PDT"]
[Termination "Gordima won by resignation"]

1. d4 c5 2. d5 f5 3. Nc3 Nf6 4.
h3 d6 5. g4 fxg4 6. hxg4 Bxg4 7.
Bh3 Bxh3 8. Nxh3 Nbd7 9. Ng5 Ne5 10. f4 Neg4 11. Ne6 Qa5 12. Qd3 g6 13. Bd2 Kd7 14. e4 Bh6 15. e5 dxe5 16. Ne4 Nxe4 17. Bxa5 Nef2 18. Qb5+ 1-0

[Event "*** Titled Tuesday Blitz"]
[Site "Chess.com"]
[Date "2020.05.12"]
[Round "1"]
[White "Klaus1995"]
[Black "NormWeinstein"]
[Result "1-0"]
[WhiteElo "1780"]
[BlackElo "2453"]
[TimeControl "180+1"]
[EndTime "10:03:21 PDT"]
[Termination "Klaus1995 won by resignation"]

1. e4 c5 2. Nf3 d6 3. d4 Nf6 4. Nc3 cxd4 5. Nxd4 Nc6 6. Be3 Ng4 7. Qd2 Nxe3 8. Qxe3 g6 9. O-O-O Bg7 10. Bb5 Bd7 11. Nde2 O-O 12. Kb1 a6 13.
Bd3 Rc8 14. h4 Ne5 15. f3 Nc4 16. Qc1 Be6 17. Bxc4 Rxc4 18. Nd5 Bxd5 19. Rxd5 Qc7 20. h5 Rc8 21. c3 b5 22. hxg6 hxg6 23. a3 Qb6 24. Qg1 a5 25. Qxb6 1-0

[Event "*** Titled Tuesday Blitz"]
[Site "Chess.com"]
[Date "2020.05.12"]
[Round "1"]
[White "Alexander_Moskalenko"]
[Black "przemekpiotrowski"]
[Result "1-0"]
[WhiteElo "2810"]
[BlackElo "2423"]
[TimeControl "180+1"]
[EndTime "10:03:37 PDT"]
[Termination "Alexander_Moskalenko won by resignation"]

1. d4 c5 2. d5 e5 3. Nc3 d6 4.
e4 Be7 5. Bb5+ Nd7 6. a4 Bg5 7. Nf3 Bxc1 8. Qxc1 Ne7 9. O-O Ng6 10. Nd2 O-O 11.
Bxd7 Bxd7 12. Nc4 Qc7 13. Nb5 Bxb5 14. axb5 f5 15. Re1 fxe4 16. Rxe4 a6 17. bxa6 b5 18. Nd2 Qb6 19. g3 Rxa6 20. Rxa6 Qxa6 21. b3 Ra8 22. c4 Qa1 23. Re1 Qxc1 24. Rxc1 Ra2 25.
Ne4 bxc4 26. bxc4 Ra6 27. Rb1 Kf7 28. Rb7+ Ne7 29. Rd7 Ke8 30. Rxd6 Ra1+ 31. Kg2 Rc1 32. Re6 Kf8 33. d6 1-0

[Event "*** Titled Tuesday Blitz"]
[Site "Chess.com"]
[Date "2020.05.12"]
[Round "1"]
[White "wild_cat99"]
[Black "Blitzking642"]
[Result "1-0"]
[WhiteElo "2590"]
[BlackElo "2273"]
[TimeControl "180+1"]
[EndTime "10:03:39 PDT"]
[Termination "wild_cat99 won by resignation"]

1. Nf3 c5 2. e4 Nc6 3. d4 cxd4 4.
Nxd4 g6 5. c4 Bg7 6. Be3 Nf6 7.
Nc3 O-O 8. f3 d6 9. Qd2 Bd7 10.
Nc2 Rc8 11. Be2 Na5 12. Na3 a6 13. O-O Be6 14. Rac1 Nxc4 15. Nxc4 Bxc4 16. Bxc4 Rxc4 17.
b3 Rc8 18. Na4 b5 19. Nb6 Rxc1 20. Rxc1 Nd7 21. Rc8 Qxc8 22. Nxc8 Rxc8 23. Qa5 Nc5 24. b4 Nd3 25. Qxa6 Rb8 26. Qa7 Rc8 27. Qxe7 Bd4 28. Kf1 Bxe3 29. Ke2 1-0

[Event "*** Titled Tuesday Blitz"]
[Site "Chess.com"]
[Date "2020.05.12"]
[Round "1"]
[White "AquivaRubinstein"]
[Black "exoticprincess"]
[Result "0-1"]
[WhiteElo "2429"]
[BlackElo "2837"]
[TimeControl "180+1"]
[EndTime "10:03:44 PDT"]
[Termination "exoticprincess won by resignation"]

1. e4 c6 2. Nc3 d5 3. Nf3 Bg4 4. h3 Bxf3 5. Qxf3 e6 6. d4 dxe4 7. Qxe4 Nf6 8. Qd3 Nbd7 9. g3 h5 10. Bg2 Qc7 11. O-O Bd6 12. Re1 O-O-O 13. a4 Kb8 14. a5 a6 15. Bd2 h4 16. g4 Bh2+ 17.
Kh1 Bf4 18. b4 Bxd2 19. Qxd2 Ne5 20. Qe3 Nexg4 21. hxg4 Nxg4 0-1

[Event "*** Titled Tuesday Blitz"]
[Site "Chess.com"]
[Date "2020.05.12"]
[Round "1"]
[White "grzechu96"]
[Black "AsselLesbekova"]
[Result "1-0"]
[WhiteElo "2607"]
[BlackElo "2289"]
[TimeControl "180+1"]
[EndTime "10:03:46 PDT"]
[Termination "grzechu96 won by resignation"]

1. e4 c5 2. Nf3 Nc6 3. Bb5 e6 4. O-O Nge7 5. Re1 a6 6. Bf1 d5 7. d3 dxe4 8. dxe4 Qxd1 9. Rxd1 Ng6 10. Be3 Be7 11. Nbd2 O-O 12. c3 e5 13. Nc4 Be6 14. Nb6 Rad8 15. Bc4 Bxc4 16. Nxc4 b5 17. Nb6 Bd6 18.
Rxd6 Rxd6 19. Bxc5 Rfd8 20. Bxd6 Rxd6 21. Nd5 f6 22.
Rd1 Kf7 23. Kf1 Nf4 24. Ne3 Nd3 25. Ne1 Nxe1 26. Rxd6 1-0

[Event "*** Titled Tuesday Blitz"]
[Site "Chess.com"]
[Date "2020.05.12"]
[Round "1"]
[White "tsvet2005"]
[Black "Quiet_Desperation"]
[Result "1-0"]
[WhiteElo "2473"]
[BlackElo "1881"]
[TimeControl "180+1"]
[EndTime "10:03:46 PDT"]
[Termination "tsvet2005 won by resignation"]

1. d4 Nf6 2. c4 e6 3. Nc3 Bb4 4. f3 d5 5. a3 Be7 6. e4 dxe4 7. fxe4 e5 8. d5 Bc5 9. Nf3 Bg4 10. Bd3 a5 11. h3 Bh5 12. g4 Bg6 13. Nxe5 Qe7 14.
Nxg6 hxg6 15. Kd2 Nbd7 16. Kc2 Ne5 17. Bf4 c6 18. b4 Bd4 19. Qd2 g5 20. Be3 c5 21.
Bxd4 cxd4 22. Nb5 axb4 23. Qxb4 Rc8 24. Nd6+ 1-0

[Event "*** Titled Tuesday Blitz"]
[Site "Chess.com"]
[Date "2020.05.12"]
[Round "1"]
[White "Bajecny"]
[Black "Baby_Legs"]
[Result "0-1"]
[WhiteElo "2376"]
[BlackElo "2715"]
[TimeControl "180+1"]
[EndTime "10:03:48 PDT"]
[Termination "Baby_Legs won by resignation"]

1. d4 d5 2. c4 e6 3. Nf3 Nf6 4. Nc3 a6 5. cxd5 exd5 6. Bg5 Be6 7. e3 Nbd7 8. Bd3 h6 9. Bh4 g5 10. Bg3 Nh5 11. Ne5 Nxg3 12. hxg3 Nxe5 13. dxe5 Qe7 14. Qa4+ c6 15. O-O Qb4 16. Qc2 Qb6 17. e4 d4 18. Ne2 c5 19. f4 c4 20. Bxc4 d3+ 0-1

[Event "*** Titled Tuesday Blitz"]
[Site "Chess.com"]
[Date "2020.05.12"]
[Round "1"]
[White "artooon"]
[Black "davigator"]
[Result "1-0"]
[WhiteElo "2730"]
[BlackElo "2382"]
[TimeControl "180+1"]
[EndTime "10:03:52 PDT"]
[Termination "artooon won by resignation"]

1. e4 c5 2. Nf3 Nc6 3. d4 cxd4 4. Nxd4 Nf6 5. Nc3 d6 6. Bg5 a6 7. f4 e6 8. Nxc6 bxc6 9. e5 h6 10. Bh4 g5 11. fxg5 Nd7 12. Ne4 Qa5+ 13. Qd2 Qxe5 14. Bd3 hxg5 15. Bg3 Qd5 16. O-O Be7 17. Qc3 Rg8 18.
Rad1 f5 19. Nxd6+ Bxd6 20. Bc4 Qc5+ 21. Bf2 Qb4 22. Bxe6 Qxc3 23. bxc3 Be7 24. Bxg8 1-0

[Event "*** Titled Tuesday Blitz"]
[Site "Chess.com"]
[Date "2020.05.12"]
[Round "1"]
[White "cukin84"]
[Black "adriangschnitzer"]
[Result "0-1"]
[WhiteElo "2110"]
[BlackElo "2508"]
[TimeControl "180+1"]
[EndTime "10:03:53 PDT"]
[Termination "adriangschnitzer won by resignation"]

1. e4 c6 2. d4 d5 3. exd5 cxd5 4. Bd3 g6 5. c3 Bg7 6. h3 Bf5 7.
Bxf5 gxf5 8. Nf3 e6 9. Bf4 Nf6 10. Nbd2 O-O 11. O-O Ne4 12. Ne5 Nd7 13. f3 Nxd2 14.
Qxd2 Nxe5 15. Bxe5 Bxe5 16. dxe5 Kh8 17. Rfe1 Rg8 18. Kh2 Qh4 19. Re2 Rg3 20. Qd4 f4 21.
Rg1 Rag8 22. c4 dxc4 23. Qxc4 R8g6 24. Qc8+ Kg7 25. Rd2 Rh6 26. Rh1 Qxh3+ 0-1

[Event "*** Titled Tuesday Blitz"]
[Site "Chess.com"]
[Date "2020.05.12"]
[Round "1"]
[White "Indianlad"]
[Black "woodhy"]
[Result "1-0"]
[WhiteElo "2938"]
[BlackElo "2457"]
[TimeControl "180+1"]
[EndTime "10:03:54 PDT"]
[Termination "Indianlad won by resignation"]

1. Nf3 b6 2. e4 Bb7 3. Nc3 e6 4. d4 Nf6 5. e5 Ne4 6. Bd3 f5 7. Bxe4 Bxe4 8. Nxe4 fxe4 9. Ng5 d5 10. exd6 Bxd6 11. Qg4 Qf6 12. Nxe4 Qxd4 13. Qxe6+ Kf8 14. Nxd6 Qxd6 15. Qxd6+ cxd6 16. Bf4 Ke7 17. O-O-O Na6 18. Rhe1+ Kf7 19. Rxd6 Rhd8 20. Rxd8 Rxd8 21. Rd1 Rxd1+ 22. Kxd1 Ke6 23. a3 Nc5 24. Be3 Nd7 25. Ke2 Ke5 26.
b3 a6 27. Kd3 Kd5 28. c4+ Ke5 29. Bd4+ Ke6 30. Bxg7 Nc5+ 31. Kc2 Ne4 32. Bd4 b5 33.
Kd3 Nd6 34. cxb5 Nxb5 35. a4 Nc7 36. Kc4 Nd5 37. b4 1-0

[Event "*** Titled Tuesday Blitz"]
[Site "Chess.com"]
[Date "2020.05.12"]
[Round "1"]
[White "manitodeplomo"]
[Black "isla88"]
[Result "1-0"]
[WhiteElo "2615"]
[BlackElo "2296"]
[TimeControl "180+1"]
[EndTime "10:03:54 PDT"]
[Termination "manitodeplomo won by resignation"]

1. d4 Nf6 2. c4 e5 3. dxe5 Ng4 4. e3 Nxe5 5. Nc3 Bc5 6. Nge2 O-O 7. Nf4 a5 8. Be2 Ra6 9. b3 Rh6 10. Bb2 d6 11. Qc2 Nbc6 12. a3 Qg5 13. Ne4 Qf5 14.
O-O-O Ba7 15. g4 Qd7 16. h4 Ng6 17. Nd5 Rxh4 18. Nef6+ 1-0

[Event "*** Titled Tuesday Blitz"]
[Site "Chess.com"]
[Date "2020.05.12"]
[Round "1"]
[White "Boudicca64"]
[Black "Karacsonyi_Gellert"]
[Result "0-1"]
[WhiteElo "1995"]
[BlackElo "2483"]
[TimeControl "180+1"]
[EndTime "10:03:55 PDT"]
[Termination "Karacsonyi_Gellert won by resignation"]

1. d4 Nf6 2. c4 e6 3. Nf3 d5 4. Nc3 Nbd7 5. Bg5 Be7 6. e3 O-O 7. Qc2 h6 8. Bxf6 Nxf6 9. O-O-O c6 10. Ne5 Qa5 11. g4 Bb4 12. Kb1 Bxc3 13. bxc3 Ne4 14. Kb2 Rb8 15. h4 f6 16. Ng6 Rf7 17. g5 b5 18. c5 b4 19. c4 Qa3+ 20. Ka1 b3 21. Qb2 Qxb2+ 22. Kxb2 Nxf2 23. Bd3 bxa2+ 24. Kxa2 Rfb7 25.
Rb1 Nxh1 26. Ne7+ Kf8 27. Ng6+ Ke8 28. Rxh1 Rb2+ 29. Ka1 R2b3 30. Bb1 Ra3+ 31. Ba2 Ba6 0-1

[Event "*** Titled Tuesday Blitz"]
[Site "Chess.com"]
[Date "2020.05.12"]
[Round "1"]
[White "FMOlexandrProhorov"]
[Black "Philosopherrr"]
[Result "1/2-1/2"]
[WhiteElo "2086"]
[BlackElo "2488"]
[TimeControl "180+1"]
[EndTime "10:03:56 PDT"]
[Termination "Game drawn by agreement"]

1. e4 e5 2. Nf3 Nc6 3. Bb5 a6 4.
Bxc6 dxc6 5. O-O Qf6 6. h3 Bd6 7. b3 Ne7 8. Bb2 Ng6 9. d4 O-O 10. Re1 Re8 11. Na3 b5 12. c4 exd4 13. Bxd4 Ne5 14. Nxe5 Bxe5 15. Nc2 Be6 16. cxb5 axb5 17. Bxe5 Qxe5 18. Qd4 f6 19. Red1 c5 20. Qxe5 fxe5 21. Ne3 Red8 22. Nd5 Kf7 23. a4 Bxd5 24. exd5 c4 25.
axb5 Rxa1 26. Rxa1 cxb3 27. Rb1 Rxd5 28. Rxb3 Rd1+ 29. Kh2 Rc1 30. b6 cxb6 31. Rxb6 1/2-1/2

[Event "*** Titled Tuesday Blitz"]
[Site "Chess.com"]
[Date "2020.05.12"]
[Round "1"]
[White "Manukyan_Artak"]
[Black "EugeneRougon"]
[Result "0-1"]
[WhiteElo "2400"]
[BlackElo "2763"]
[TimeControl "180+1"]
[EndTime "10:03:57 PDT"]
[Termination "EugeneRougon won by resignation"]

1. e4 e6 2. d4 d5 3. e5 c5 4. c3 Nc6 5. Nf3 Bd7 6. Bd3 cxd4 7.
cxd4 Qb6 8. Nc3 Nxd4 9. Nxd4 Qxd4 10. O-O a6 11. Re1 Ne7 12. Qb3 Qxd3 13. Qxb7 Bc6 14. Qc7 Rc8 15. Qa7 Nf5 16. Bg5 h6 17. Rad1 Qc4 18. Be3 Nxe3 19. Qxe3 Bc5 20. Qg3 O-O 21. Rc1 Qb4 22. Re2 Bb7 23. h4 Be7 24. Rec2 Qxh4 25. Qe3 d4 0-1

[Event "*** Titled Tuesday Blitz"]
[Site "Chess.com"]
[Date "2020.05.12"]
[Round "1"]
[White "Zmeeed63"]
[Black "LawrenceTrent"]
[Result "0-1"]
[WhiteElo "2173"]
[BlackElo "2523"]
[TimeControl "180+1"]
[EndTime "10:04:03 PDT"]
[Termination "LawrenceTrent won by checkmate"]

1. d4 Nf6 2. c4 e6 3. Nc3 c5 4. d5 exd5 5. cxd5 d6 6. Bf4 g6 7.
Qa4+ Bd7 8. Qb3 b5 9. Nxb5 Qa5+ 10. Nc3 Na6 11. e3 Rb8 12. Qa3 Qxa3 13. bxa3 Nc7 14.
Bd3 Nfxd5 15. Nxd5 Nxd5 16. Bg3 Bg7 17. Bxd6 Rb6 18.
Rd1 Rxd6 19. Bc4 Be6 20. Bxd5 Rxd5 21. Rb1 O-O 22. Nf3 Rd3 23. Rb7 Bc3+ 24. Ke2 Bc4 25. Rc1 Rd7# 0-1

[Event "*** Titled Tuesday Blitz"]
[Site "Chess.com"]
[Date "2020.05.12"]
[Round "1"]
[White "StephenDedalus83"]
[Black "sjevtic"]
[Result "1-0"]
[WhiteElo "2717"]
[BlackElo "2378"]
[TimeControl "180+1"]
[EndTime "10:04:04 PDT"]
[Termination "StephenDedalus83 won by resignation"]

1. e4 d5 2. exd5 Qxd5 3. Nc3 Qa5 4. d4 Nf6 5. Bc4 c6 6. Bd2 Bf5 7. Qe2 e6 8. Nd5 Qd8 9. Nxf6+ Qxf6 10. Nf3 Bg4 11. O-O-O Bxf3 12. gxf3 Nd7 13. d5 cxd5 14. Bxd5 O-O-O 15. Be4 Nc5 16. h4 Nxe4 17. fxe4 h6 18. Kb1 Rg8 19. Qc4+ Kb8 20. Bf4+ Ka8 21. Be5 Qe7 22. Rd3 Rxd3 1-0

[Event "*** Titled Tuesday Blitz"]
[Site "Chess.com"]
[Date "2020.05.12"]
[Round "1"]
[White "BocharovD"]
[Black "Godzillator"]
[Result "1-0"]
[WhiteElo "2853"]
[BlackElo "2438"]
[TimeControl "180+1"]
[EndTime "10:04:05 PDT"]
[Termination "BocharovD won by resignation"]

1. c4 c6 2. Nf3 d5 3. e3 Nf6 4. Nc3 a6 5. Qc2 g6 6. d4 Bf5 7. Qb3 Ra7 8. Be2 Bg7 9. O-O O-O 10. Bd2 Ne4 11. Rfd1 Nxc3 12. Bxc3 b5 13. cxd5 cxd5 14. a4 bxa4 15. Qxa4 Nd7 16. Rdc1 Nb6 17. Qa2 Bg4 18. Ba5 Bxf3 19. Bxf3 e6 20. Rc6 Rb7 21. Bb4 Qd7 22. Bxf8 Qxc6 23. Bc5 Nc4 24. Qxc4 Rxb2 25. Qc3 Rb5 26.
Rc1 a5 27. Be2 1-0

[Event "*** Titled Tuesday Blitz"]
[Site "Chess.com"]
[Date "2020.05.12"]
[Round "1"]
[White "Zufi1811"]
[Black "wonderfultime"]
[Result "0-1"]
[WhiteElo "2459"]
[BlackElo "2956"]
[TimeControl "180+1"]
[EndTime "10:04:06 PDT"]
[Termination "wonderfultime won by resignation"]

1. e4 c5 2. Nf3 Nf6 3. e5 Nd5 4. Nc3 e6 5. Nxd5 exd5 6. d4 Nc6 7. c3 d6 8. Bb5 cxd4 9. Nxd4 Bd7 10. exd6 Bxd6 11. O-O O-O 12. Be3 Re8 13. Bd3 Ne5 14.
Be2 Nc4 15. Bc1 Qf6 16. Bf3 Nb6 17. Nc2 Bb5 18. Re1 Rxe1+ 19. Qxe1 Re8 20. Ne3 Qf4 0-1

[Event "*** Titled Tuesday Blitz"]
[Site "Chess.com"]
[Date "2020.05.12"]
[Round "1"]
[White "Balla_Tamas"]
[Black "MisiekZielony"]
[Result "0-1"]
[WhiteElo "2488"]
[BlackElo "2122"]
[TimeControl "180+1"]
[EndTime "10:04:07 PDT"]
[Termination "MisiekZielony won by resignation"]

1. e4 Nf6 2. e5 Nd5 3. d4 d6 4. c4 Nb6 5. f4 g6 6. Nc3 Bg7 7. Be3 dxe5 8. dxe5 Qxd1+ 9. Rxd1 c6 10. Be2 Be6 11.
b3 f6 12. exf6 exf6 13. Ne4 O-O 14. Nc5 Bc8 15. Nf3 Re8 16. Kf2 N8d7 17. Nxd7 Nxd7 18. Rd2 Nf8 19. Rhd1 Ne6 20. c5 Nc7 21. Bc4+ Nd5 0-1

[Event "*** Titled Tuesday Blitz"]
[Site "Chess.com"]
[Date "2020.05.12"]
[Round "1"]
[White "gahryman"]
[Black "albano87"]
[Result "1-0"]
[WhiteElo "2635"]
[BlackElo "2313"]
[TimeControl "180+1"]
[EndTime "10:04:09 PDT"]
[Termination "gahryman won by resignation"]

1. d4 d5 2. Bf4 Nf6 3. e3 e6 4. Nd2 c5 5. c3 Nc6 6. Ngf3 Be7 7. Ne5 O-O 8. Bd3 Nxe5 9. dxe5 Nd7 10. Nf3 g6 11. h4 f6 12. h5 fxe5 13. Nxe5 Nxe5 14.
Bxe5 Bf6 15. hxg6 hxg6 16. Qg4 Bxe5 17. Qxg6+ Bg7 18. Rh8+ 1-0

[Event "*** Titled Tuesday Blitz"]
[Site "Chess.com"]
[Date "2020.05.12"]
[Round "1"]
[White "TST2014"]
[Black "mmaks007"]
[Result "1-0"]
[WhiteElo "2556"]
[BlackElo "2223"]
[TimeControl "180+1"]
[EndTime "10:04:11 PDT"]
[Termination "TST2014 won by resignation"]

1. d4 g6 2. c4 Bg7 3. Nf3 d6 4. Nc3 Nd7 5. e4 e5 6. Bg5 f6 7. Be3 Nh6 8. h3 O-O 9. Qd2 Nf7 10. g4 exd4 11. Nxd4 Nc5 12. f4 Re8 13. Bg2 a5 14. O-O c6 15. Rad1 Qc7 16. Kh1 Ne6 17. Nde2 Nc5 18. Ng3 Be6 19. b3 a4 20. f5 Bc8 21. b4 Na6 22. a3 Ne5 23. Qe2 Nb8 24. Rd2 Nbd7 25. Rfd1 Nb6 26. Bxb6 Qxb6 27. Rxd6 Qc7 28. c5 Qb6 29. cxb6 1-0

[Event "*** Titled Tuesday Blitz"]
[Site "Chess.com"]
[Date "2020.05.12"]
[Round "1"]
[White "TengisChess"]
[Black "Michaelson_11"]
[Result "1-0"]
[WhiteElo "2485"]
[BlackElo "1998"]
[TimeControl "180+1"]
[EndTime "10:04:11 PDT"]
[Termination "TengisChess won by resignation"]

1. Nf3 d5 2. b3 Bg4 3. Bb2 c6 4. Ne5 Bf5 5. g4 Bg6 6. h4 f6 7. Nxg6 hxg6 8. e3 e5 9. c4 Bd6 10. Qc2 Ne7 11. Nc3 Qd7 12. Be2 Na6 13. a3 Nc7 14. b4 dxc4 15. Bxc4 Qxg4 16. Be2 Qe6 17.
O-O-O O-O-O 18. Ne4 Qa2 19. Bc4 Qxc4 20. Qxc4 f5 21.
Nxd6+ 1-0

[Event "*** Titled Tuesday Blitz"]
[Site "Chess.com"]
[Date "2020.05.12"]
[Round "1"]
[White "EnergeticHay"]
[Black "RestartingChess"]
[Result "0-1"]
[WhiteElo "2153"]
[BlackElo "2515"]
[TimeControl "180+1"]
[EndTime "10:04:13 PDT"]
[Termination "RestartingChess won by resignation"]

1. e4 d5 2. exd5 Qxd5 3. Nc3 Qd6 4. d4 Nf6 5. Nf3 Nc6 6. h3 a6 7. Be2 Bf5 8. O-O e6 9. Be3 Be7 10. Qd2 O-O 11. Bd3 Bg6 12. Ne2 Nd5 13. c4 Nxe3 14.
Qxe3 Bxd3 15. Qxd3 Bf6 16. Rad1 Rad8 17. Qe4 Qb4 18. b3 h6 19. Rd2 Rfe8 20. Rfd1 a5 21. g4 a4 22. Rd3 axb3 23. axb3 b5 24. Qxc6 bxc4 25. Qxc4 Qb7 26. Rc1 Re7 27. Qc6 Qa7 28.
Qa4 Qb7 29. Kg2 e5 30. dxe5 Rxd3 31. exf6 Qxf3+ 32. Kg1 Rxe2 0-1

[Event "*** Titled Tuesday Blitz"]
[Site "Chess.com"]
[Date "2020.05.12"]
[Round "1"]
[White "Konavets"]
[Black "atalz0"]
[Result "1-0"]
[WhiteElo "2953"]
[BlackElo "2459"]
[TimeControl "180+1"]
[EndTime "10:04:14 PDT"]
[Termination "Konavets won by resignation"]

1. d4 d5 2. c4 e6 3. e3 Nf6 4. Nc3 c5 5. Nf3 cxd4 6. exd4 Be7 7. cxd5 Nxd5 8. Bd3 O-O 9. O-O Nc6 10. Re1 b6 11. Nxd5 Qxd5 12. Qc2 Nb4 13. Bxh7+ Kh8 14. Qb1 g6 15. Bxg6 fxg6 16. Re5 Qd8 17. Qxg6 Rf5 18. Rxf5 exf5 19. Ne5 1-0

[Event "*** Titled Tuesday Blitz"]
[Site "Chess.com"]
[Date "2020.05.12"]
[Round "1"]
[White "WIDBIFS"]
[Black "venus02"]
[Result "1-0"]
[WhiteElo "2724"]
[BlackElo "2376"]
[TimeControl "180+1"]
[EndTime "10:04:16 PDT"]
[Termination "WIDBIFS won by resignation"]

1. d4 b6 2. Bf4 Bb7 3. e3 e6 4.
Nf3 d6 5. Bc4 Nd7 6. O-O Be7 7.
Qe2 a6 8. a4 Ngf6 9. Nbd2 d5 10. Bd3 c5 11. c3 c4 12. Bc2 Nf8 13. e4 dxe4 14. Ng5 Ng6 15. Bg3 Qd5 16. Ngxe4 Rc8 17. Nxf6+ Bxf6 18. Be4 Qd7 19. Bxb7 Qxb7 20. Nxc4 O-O 21.
Nd6 Qa8 22. Nxc8 Rxc8 23. Rad1 Rd8 24. Rfe1 Qb7 25. Qc4 Ne7 26. Qc7 Rd7 27. Qxb7 Rxb7 28. c4 Rd7 29. d5 exd5 30. Rxd5 Rxd5 31. cxd5 Kf8 32. Bd6 g6 33. b4 b5 34. axb5 axb5 35. f4 Bd4+ 36. Kf1 Bf6 37. g4 Bh4 38. Re2 h6 39. g5 hxg5 40. Bxe7+ 1-0